 Dungeon Crawl Stone Soup version 0.28.0-53-g5a82cb258f (webtiles) character file.

Game seed: 858741242920284333

6021 Infinimo the Basher (level 10, -4/107 HPs)
             Began as an Ogre Gladiator on May 26, 2022.
             Was an Initiate of Gozag.
             Slain by a two-headed ogre
             ... wielding a +0 giant club
              (20 damage)
             ... on level 10 of the Dungeon.
             The game lasted 00:27:50 (19285 turns).

Infinimo the Basher (Ogre Gladiator)               Turns: 19285, Time: 00:27:50

Health: -4/107     AC:  4    Str: 20      XL:     10   Next: 86%
Magic:  13/18      EV: 10    Int: 10 (13) God:    Gozag
Gold:   1228       SH:  0    Dex:  9 (10) Spells: 21/23 levels left

rFire   . . .      SeeInvis .   s - +2 whip (elec)
rCold   . . .      Faith    .   (no shield)
rNeg    . . .      Spirit   .   b - +0 robe
rPois   +          Reflect  .   c - +1 hat
rElec   .          Harm     .   (no cloak)
rCorr   .          Rampage  .   (gloves unavailable)
Will    +....                   (boots unavailable)
Stlth   +.........              (no amulet)
HPRegen 0.27/turn               e - +4 ring of slaying
MPRegen 0.16/turn               y - ring of poison resistance

@: no status effects
A: large, unfitting armour, tough skin 1, deterioration 1, low MP 1
a: Renounce Religion, Potion Petition, Call Merchant, Bribe Branch


You were on level 10 of the Dungeon.
You worshipped Gozag.
Gozag was most pleased with you.
You visited 2 branches of the dungeon, and saw 11 of its levels.

You collected 1290 gold pieces.
You paid 62 gold pieces to Gozag.

Inventory:

Hand Weapons
 q - a +1 morningstar of protection
 s - a +2 whip of electrocution (weapon)
Missiles
 d - 7 throwing nets (quivered)
Armour
 b - a +0 robe (worn)
 c - a +1 hat (worn)
Magical Staves
 j - a staff of air
Jewellery
 e - a +4 ring of slaying (left hand)
 h - a +6 ring of strength
 p - a +6 ring of intelligence
 y - a ring of poison resistance (right hand)
Wands
 g - a wand of mindburst (5)
Scrolls
 f - a scroll of fog
 i - 2 scrolls of enchant armour
 n - a scroll of teleportation
 o - a scroll of magic mapping
 t - a scroll of brand weapon
Potions
 a - 2 potions of magic
 k - 3 potions of curing
 l - a potion of heal wounds
 m - a potion of brilliance
 r - a potion of degeneration
 u - a potion of haste
 x - a potion of berserk rage
 z - a potion of flight {unknown}


   Skills:
 + Level 9.5 Fighting
 * Level 9.6 Maces & Flails
 - Level 2.0 Throwing
 - Level 2.6 Dodging
 + Level 7.3 Spellcasting
 + Level 6.1 Air Magic
 - Level 3.5 Poison Magic


You had 21 spell levels left.
You knew the following spells:

 Your Spells              Type           Power      Damage    Failure   Level
a - Poisonous Vapours     Pois/Air       26%        N/A       3%          2

Your spell library contained the following spells:

 Spells                   Type           Power      Damage    Failure   Level
 Corpse Rot               Necr/Air       18%        N/A       8%          2
 Spider Form              Tmut/Pois      7%         N/A       26%         3
 Ensorcelled Hibernation  Hex/Ice        6%         N/A       28%         2
 Gell's Gravitas          Tloc           3%         N/A       50%         3
 Inner Flame              Hex/Fire       3%         N/A       50%         3
 Lesser Beckoning         Tloc           3%         N/A       50%         3
 Portal Projectile        Hex/Tloc       6%         N/A       50%         3
 Stone Arrow              Conj/Erth      6%         3d7       50%         3
 Teleport Other           Tloc           3%         N/A       50%         3
 Anguish                  Hex/Necr       1%         N/A       88%         4
 Animate Armour           Summ/Erth      6%         N/A       88%         4
 Cause Fear               Hex            1%         N/A       88%         4
 Blade Hands              Tmut           1%         N/A       99%         5
 Excruciating Wounds      Necr           1%         N/A       99%         5
 Fireball                 Conj/Fire      1%         3d3       99%         5
 Iskenderun's Battlesphe  Conj           3%         2d6       99%         5
 Conjure Ball Lightning   Conj/Air       4%         3x3d6     100%        6
 Orb of Destruction       Conj           1%         9d5       100%        7
 Discord                  Hex            1%         N/A       100%        8
 Lehudib's Crystal Spear  Conj/Erth      1%         10d2      100%        8


Dungeon Overview and Level Annotations

Branches:
Dungeon (10/15)            Temple (1/1) D:4             Orc (0/2) D:9
   Lair: D:8-11

Altars:
Ashenzari
Cheibriados
Dithmenos
Elyvilon
Fedhas
Gozag
Hepliaklqana
Kikubaaqudgha
Makhleb
Nemelex Xobeh
Okawaru
Qazlal
Ru
Sif Muna
Trog
Uskayaw
Vehumet
Wu Jian
Xom
Yredelemnul
Zin
The Shining One

Shops:
D:7 [

Annotations:
D:8 1 runed translucent door, dandone's ghost, novice DrBe


Innate Abilities, Weirdness & Mutations

You are too large for most types of armour.
You have tough skin. (AC +1)
Your body sometimes deteriorates upon taking damage.
Your magical capacity is low. (-10% MP)


Message History

Aiming: Poisonous Vapours (safe; 3% risk of failure)
Press: ? - help, Dir - move target, f/p - two-headed ogre
Aim: a two-headed ogre, wielding two +0 giant clubs (severely wounded) Poisonous vapours surround the two-headed ogre!
The two-headed ogre is poisoned.
The two-headed ogre hits you with a +0 giant club!
The two-headed ogre barely misses you.
An orc priest comes into view. It is wielding a +0 club.
The two-headed ogre looks more healthy.
Casting: Poisonous Vapours (safe; 3% risk of failure)
Confirm with . or Enter, or press ? or * to list all spells.
Aiming: Poisonous Vapours (safe; 3% risk of failure)
Press: ? - help, Dir - move target, f/p - two-headed ogre
Aim: a two-headed ogre, wielding two +0 giant clubs (almost dead) Poisonous vapours surround the two-headed ogre!
The two-headed ogre is poisoned.
The orc priest shouts!
There is a stone staircase leading up here.
The two-headed ogre looks more healthy.
Casting: Poisonous Vapours (safe; 3% risk of failure)
Confirm with . or Enter, or press ? or * to list all spells.
Aiming: Poisonous Vapours (safe; 3% risk of failure)
Press: ? - help, Dir - move target, f/p - two-headed ogre
Aim: a two-headed ogre, wielding two +0 giant clubs (severely wounded) Poisonous vapours surround the two-headed ogre!
The two-headed ogre is poisoned.
The two-headed ogre hits you with a +0 giant club!!
* * * LOW HITPOINT WARNING * * *
Your body deteriorates!
You feel dopey.
The two-headed ogre hits you with a +0 giant club!
* * * LOW HITPOINT WARNING * * *
Unknown command.
An orc comes into view. It is wielding a +0 club.
The orc shouts!
An orc comes into view. It is wielding a +0 dagger.
The two-headed ogre looks more healthy.
The orc hits you but does no damage.
The two-headed ogre hits you with a +0 giant club!!
You die...
Your body crumbles into a pile of gold.

#o# #.##..# #o# #.##..#
###.# #.....# #...#
####.## #.### ##..#
#O### ##.#.## #.#.##
##...<.##
#....########.#O#o..###
................@.....+
#....########.##....###
#$#.......# ##.#...##
#<##.####.# ##...##
#.(....# ##.## ####.#.#
#.# #..... #.# ###.###
#.######## .#
#........# #


You could see a two-headed ogre and an orc.

Vanquished Creatures
  A boulder beetle (D:8)
  Prince Ribbit (D:9)
  5 yaks
  2 vampires
  2 water moccasins
  A sky beast (D:7)
  7 orc warriors
  A black bear (D:5)
  2 ice beasts
  A necrophage (D:4)
  An ogre (D:5)
  A centaur (D:8)
  A phantom (D:6)
  A kobold brigand (D:4)
  2 bullfrogs
  2 gnoll sergeants
  2 scorpions
  A water moccasin zombie (D:6)
  A wyvern skeleton (D:6)
  9 killer bees (D:8)
  4 wights
  2 howler monkeys (D:8)
  2 electric eels (D:9)
  A bullfrog zombie (D:7)
  2 centaur zombies
  A jelly (D:7)
  3 centaur skeletons (D:7)
  3 hounds
  A gnoll shaman (D:3)
  7 orc priests
  3 iguanas
  13 orc wizards
  A killer bee zombie (D:7)
  2 hound skeletons (D:4)
  A mummy (D:8)
  Robin (D:2)
  11 gnolls
  4 howler monkey skeletons
  5 adders
  2 ufetubi (D:7)
  An adder skeleton (D:4)
  3 worms
  5 dart slugs
  32 orcs
  8 ball pythons
  7 bats
  9 endoplasms
  4 giant cockroaches
  14 goblins
  15 hobgoblins
  5 jackals
  6 kobolds
  3 quokkas
  4 frilled lizards
  7 rats
236 creatures vanquished.

Vanquished Creatures (others)
  A fungus (D:8)
  16 plants
17 creatures vanquished.

Grand Total: 253 creatures vanquished

Notes
Turn   | Place    | Note
-------+----------+-------------------------------------------
     0 | D:1      | Infinimo the Ogre Gladiator began the quest for the Orb.
     0 | D:1      | Reached XP level 1. HP: 22/22 MP: 1/1
   115 | D:1      | Reached XP level 2. HP: 20/31 MP: 2/2
   581 | D:1      | Reached XP level 3. HP: 29/37 MP: 3/3
   652 | D:1      | Found a faded altar of an unknown god.
   785 | D:1      | Learned a level 2 spell: Poisonous Vapours
  2022 | D:2      | Reached XP level 4. HP: 37/48 MP: 4/4
  3125 | D:3      | Reached skill level 1 in Spellcasting
  3125 | D:3      | Reached skill level 1 in Poison Magic
  3281 | D:3      | Reached skill level 1 in Air Magic
  3281 | D:3      | Reached XP level 5. HP: 53/54 MP: 3/6
  4267 | D:3      | Noticed Robin
  4640 | D:2      | Killed Robin
  5323 | D:3      | Reached XP level 6. HP: 51/62 MP: 8/8
  5928 | D:4      | Found a staircase to the Ecumenical Temple.
  5943 | Temple   | Entered the Ecumenical Temple
  6269 | Temple   | Became a worshipper of Gozag Ym Sagoz the Greedy
  6703 | D:4      | Noticed a necrophage
  6742 | D:4      | Gained mutation: You have hidden genetic defects. [potion
                  | of mutation]
  6749 | D:4      | Killed a necrophage
  6750 | D:4      | Reached skill level 5 in Maces & Flails
  6750 | D:4      | Reached XP level 7. HP: 50/71 MP: 10/10
  6757 | D:4      | Gained mutation: Your body sometimes deteriorates upon
                  | taking damage. [hidden defects]
  7314 | D:5      | Entered Level 5 of the Dungeon
  7318 | D:5      | Reached skill level 5 in Fighting
  7409 | D:5      | Gained mutation: Your magical capacity is low. (-10% MP)
                  | [hidden defects]
  7409 | D:5      | Lost mutation: You have hidden genetic defects. [hidden
                  | defects expressed]
  8069 | D:5      | Reached XP level 8. HP: 80/81 MP: 11/11
 10472 | D:7      | Reached XP level 9. HP: 91/92 MP: 5/14
 10997 | D:7      | Found Qauffud's Armour Shoppe.
 11610 | D:7      | Found a sacrificial altar of Ru.
 11999 | D:7      | Reached skill level 5 in Spellcasting
 12391 | D:8      | Found a shadowy altar of Dithmenos.
 12854 | D:8      | Noticed a boulder beetle
 12869 | D:8      | HP: 1/93 [boulder beetle (57)]
 13260 | D:8      | Killed a boulder beetle
 13654 | D:8      | Reached skill level 5 in Air Magic
 13802 | D:8      | Found a runed translucent door.
 13802 | D:8      | Identified the +9 trident "Uroacet" {vorpal, rElec Dex+4
                  | Stlth+}
 13806 | D:8      | Noticed dandone's ghost (novice DrBe)
 13809 | D:8      | Noticed a polar bear
 13862 | D:8      | Reached XP level 10. HP: 90/104 MP: 14/17
 16495 | D:9      | Noticed Prince Ribbit
 16504 | D:9      | Killed Prince Ribbit
 18371 | D:9      | Found a staircase to the Orcish Mines.
 18828 | D:10     | Entered Level 10 of the Dungeon
 18870 | D:10     | Noticed a two-headed ogre
 19285 | D:10     | Slain by a two-headed ogre

Illustrated notes

Levels and vault maps discovered:
D:1:      elethiomel_arrival_infinity_welcomes_careful_drivers, layout_basic,
          ebering_ecumenical_altar_hall, minivault_4, minmay_quantized
D:2:      layout_loops_cross
D:3:      layout_basic, uniq_robin
D:4:      layout_layer_cave, temple_doors_e
D:5:      layout_loops_ring
D:6:      layout_gridville, minmay_misc_feat_square
D:7:      layout_basic, nicolae_ru_path_of_blood, serial_shops,
          nicolae_shop_statue_plus, serial_bayou_pond_c
D:8:      layout_cave_pools, mainiacjoe_overflow_tiny_flanked,
          gup_ossuary_entry_pyramid, ebering_ghost_funeral_grove
D:9:      layout_layer_cave, erik_orc_2, nzn_life_drinkers, uniq_prince_ribbit1
D:10:     layout_loops_corners, dpeg_lair_monsters
Temple:   mainiacjoe_temple_cubbyholes

Skill      XL: |  1  2  3  4  5  6  7  8  9 10 |
---------------+-------------------------------+-----
Fighting       | 3 4 5 6 8 9 |  9.5
Maces & Flails | 3 4 5 6 8 9 |  9.6
Spellcasting   | 1 2 3 4 6 7 |  7.3
Poison Magic   | 1 2 3 |  3.5
Air Magic      | 1 2 3 5 6 |  6.1
Throwing       | |  2.0
Dodging        | |  2.6

Action                   |  1- 3 |  4- 6 |  7- 9 | 10-12 || total
-------------------------+-------+-------+-------+-------++-------
Melee: Flail             |   133 |    72 |       |       ||   205
       Punch             |     2 |       |     1 |     1 ||     4
       Morningstar       |       |   136 |   150 |       ||   286
       Whip              |       |       |    15 |   140 ||   155
 Cast: Poisonous Vapours |       |     3 |   120 |   140 ||   263
  Use: Scroll            |       |     6 |     7 |     5 ||    18
       Potion            |       |     4 |       |     1 ||     5
 Stab: Sleeping          |     1 |       |       |       ||     1
Armor: Robe              |    35 |    43 |    58 |    19 ||   155
       Skin              |       |       |       |    40 ||    40
Dodge: Dodged            |    58 |   124 |   122 |    68 ||   372
